 Dungeon Crawl Stone Soup version 0.29-a0-575-g0dc89cf053 (webtiles) character file.

Game seed: 8046598000520774216

107395 DocClef the Covert (level 16, -1/129 HPs)
             Began as a Gnoll Delver on June 12, 2022.
             Was the Champion of Okawaru.
             Slain by a shard shrike (21 damage)
             ... in an ice cave.
             The game lasted 00:50:04 (31750 turns).

DocClef the Covert (Gnoll Delver)                  Turns: 31750, Time: 00:50:05

Health: -1/129     AC: 30    Str: 30      XL:     16   Next: 46%
Magic:  13/30      EV: 20    Int: 16 (17) God:    Okawaru [******]
Gold:   2721       SH: 10    Dex: 20      Spells: 36/36 levels left

rFire   . . .      SeeInvis +   G - +9 hand axe of Koekk {venom, SInv}
rCold   + . .      Faith    .   Q - +1 buckler of Ipokum {Regen+ Str+8 Dex-2 Stlth+}
rNeg    . . .      Spirit   .   J - +2 chain mail "Wehaf" {rC+ rCorr Dex+4}
rPois   .          Reflect  .   V - +0 helmet of the Cockatrice {rElec}
rElec   +          Harm     .   t - +2 cloak
rCorr   +          Rampage  .   C - +2 pair of gloves {infuse}
Will    +....                   y - +0 pair of boots {Stlth+}
Stlth   ++++++....              T - amulet of magic regeneration
HPRegen 1.11/turn               W - +4 ring of protection
MPRegen 0.62/turn               e - ring "Itzul" {Str+8 Int+6}

@: heroic, finesse-ful
A: fangs 1, strong nose, distributed training
a: Renounce Religion, Heroism, Finesse, Duel


You were in an ice cave.
You worshipped Okawaru.
Okawaru was exalted by your worship.
You visited 4 branches of the dungeon, and saw 24 of its levels.
You also visited: Ossuary, Gauntlet and Ice Cave.

You collected 3498 gold pieces.
You spent 777 gold pieces at shops.

Inventory:

Hand Weapons
 a - a +3 fustibalus of freezing
 h - the +10 dagger of Elutuorchargh {vorpal, Dex+2}
   (You found it on level 10 of the Dungeon)

   It inflicts extra damage upon your enemies.
   Dex:       It affects your dexterity (+2).
 G - the +9 hand axe of Koekk (weapon) {venom, SInv}
   (You found it on level 8 of the Dungeon)

   It poisons the flesh of those it strikes.
   SInv:      It lets you see invisible.
Armour
 s - +0 ice dragon scales
 t - a +2 cloak (worn)
 x - a +3 leather armour of willpower
 y - a +0 pair of boots of stealth (worn)
 C - a +2 pair of gloves of infusion (worn)
 J - the +2 chain mail "Wehaf" (worn) {rC+ rCorr Dex+4}
   (Okawaru gifted it to you on level 2 of the Orcish Mines)

   Dex:       It affects your dexterity (+4).
   rC:        It protects you from cold.
   rCorr:     It protects you from acid and corrosion.
 L - a +0 helmet
 Q - the +1 buckler of Ipokum (worn) {Regen+ Str+8 Dex-2 Stlth+}
   (You bought it in a shop on level 4 of the Dungeon)

   Str:       It affects your strength (+8).
   Dex:       It affects your dexterity (-2).
   Regen:     It increases your rate of health regeneration.
   Stlth:     It makes you more stealthy.
 V - the +0 helmet of the Cockatrice (worn) {rElec}
   (You found it in a Gauntlet)

   rElec:     It insulates you from electricity.
Jewellery
 e - the ring "Itzul" (right hand) {Str+8 Int+6}
   (You bought it in a shop on level 10 of the Dungeon)

   [ring of intelligence]

   Str:       It affects your strength (+8).
   Int:       It affects your intelligence (+6).
 i - an amulet of guardian spirit
 w - a ring of fire
 E - a +6 ring of dexterity
 I - a ring of ice
 R - a ring of positive energy
 S - a ring of positive energy
 T - an amulet of magic regeneration (around neck)
 W - a +4 ring of protection (left hand)
Wands
 d - a wand of flame (16)
 g - a wand of digging (7)
 j - a wand of iceblast (27)
 q - a wand of polymorph (35)
 D - a wand of acid (6)
Scrolls
 c - 3 scrolls of fog
 k - a scroll of blinking
 m - 10 scrolls of teleportation
 p - 4 scrolls of amnesia
 r - 4 scrolls of enchant armour
 H - 5 scrolls of enchant weapon
 K - 4 scrolls of identify
 P - a scroll of brand weapon
Potions
 b - 4 potions of cancellation
 f - 4 potions of haste
 l - 3 potions of brilliance
 n - 5 potions of heal wounds
 o - 3 potions of invisibility
 u - 4 potions of flight
 v - 7 potions of lignification
 z - 10 potions of might
 A - 3 potions of magic
 B - 9 potions of mutation
 F - 3 potions of resistance
 M - a potion of berserk rage
 N - 4 potions of curing
 U - a potion of experience {unknown}
Miscellaneous
 O - a phial of floods
 X - a phantom mirror


   Skills:
 + Level 12.6(17.6) Fighting
 + Level 11.8(16.8) Short Blades
 + Level 10.9(15.9) Long Blades
 + Level 10.9(15.9) Axes
 + Level 10.9(15.9) Maces & Flails
 + Level 10.9(15.9) Polearms
 + Level 10.9(15.9) Staves
 + Level 10.9(15.9) Slings
 + Level 10.9(15.9) Bows
 + Level 10.9(15.9) Crossbows
 + Level 10.9(15.9) Throwing
 + Level 10.9(15.9) Armour
 + Level 11.8(16.8) Dodging
 + Level 14.2(19.2) Stealth
 + Level 10.9(15.9) Shields
 + Level 10.9(15.9) Unarmed Combat
 + Level 10.9 Spellcasting
 + Level 9.2 Conjurations
 + Level 9.2 Hexes
 + Level 9.2 Summonings
 + Level 9.2 Necromancy
 + Level 9.2 Translocations
 + Level 9.2 Transmutations
 + Level 9.2 Fire Magic
 + Level 9.2 Ice Magic
 + Level 9.2 Air Magic
 + Level 9.2 Earth Magic
 + Level 9.2 Poison Magic
 + Level 11.9 Invocations
 + Level 10.9 Evocations


You had 36 spell levels left.
You didn't know any spells.
Your spell library contained the following spells:

 Spells                   Type           Power      Damage    Failure   Level
 Apportation              Tloc           76%        N/A       1%          1
 Necrotize                Necr           100%       1d9       1%          1
 Sting                    Tmut/Pois      100%       1d8       1%          1
 Ensorcelled Hibernation  Hex/Ice        76%        N/A       1%          2
 Passwall                 Tmut/Erth      31%        N/A       1%          2
 Poisonous Vapours        Pois/Air       76%        N/A       1%          2
 Static Discharge         Conj/Air       38%        N/A       1%          2
 Sublimation of Blood     Necr           38%        N/A       1%          2
 Conjure Flame            Conj/Fire      38%        6-21      1%          3
 Ignite Poison            Fire/Tmut/Pois 38%        N/A       1%          3
 Ozocubu's Armour         Ice            38%        N/A       1%          3
 Swiftness                Air            38%        N/A       1%          3
 Dispel Undead            Necr           38%        3d16      7%          4
 Olgreb's Toxic Radiance  Pois           38%        N/A       7%          4
 Petrify                  Tmut/Erth      38%        N/A       7%          4
 Sticky Flame             Conj/Fire      38%        2d6       7%          4
 Irradiate                Conj/Tmut      19%        3d19      19%         5
 Iskenderun's Battlesphe  Conj           38%        2d9       19%         5
 Iron Shot                Conj/Erth      19%        9d4       71%         6
 Ozocubu's Refrigeration  Ice            19%        4d8       99%         7
 Summon Small Mammal      Summ           Unusable   N/A       N/A         1
 Spellforged Servitor     Conj/Summ      Unusable   N/A       N/A         7

Dungeon Overview and Level Annotations

Branches:
Dungeon (15/15)            Temple (1/1) D:4            Lair (6/6) D:10
 Shoals (0/4) Lair:3        Snake (0/4) Lair:2        Slime (0/5) Lair:5
    Orc (2/2) D:11            Elf (0/3) Orc:2        Vaults (0/5) D:13
 Depths (0/4) D:15        Ossuary (visited)           IceCv (1/1)
Gauntlet (visited)

Altars:
Ashenzari
Cheibriados
Dithmenos
Elyvilon
Fedhas
Gozag
Hepliaklqana
Kikubaaqudgha
Makhleb
Nemelex Xobeh
Okawaru
Qazlal
Ru
Sif Muna
Trog
Uskayaw
Vehumet
Wu Jian
Xom
Yredelemnul
Zin
The Shining One
Beogh
Jiyva

Shops:
D:4 [[[(   D:10 **   D:11 !   Orc:2 [[(:

Annotations:
D:15 exclusion: ice statue


Innate Abilities, Weirdness & Mutations

You have very sharp teeth.
Your uncanny sense of smell can sniff out nearby items.
Your experience applies equally to all skills.


Message History

You slash the shard shrike! You slash the white ugly thing!
The white ugly thing looks as sick as possible!
The shard shrike spits a shard of ice at you.
The shard of ice misses you.
You slash the shard shrike!
The shard shrike looks as sick as possible!
The shard shrike is moderately wounded.
You hit the white ugly thing.
The white ugly thing looks as sick as possible!
The shard shrike closely misses you.
The white ugly thing closely misses you.
The ironbound frostheart calls freezing cold from the walls.
The frost grips you!! You partially resist.
The ironbound frostheart calls freezing cold from the walls.
The frost grips you! You partially resist.
You hit the shard shrike but do no damage.
The shard shrike is moderately wounded.
You slash the white ugly thing!
The white ugly thing looks as sick as possible!
You block the shard shrike's attack.
Unknown command.
The white ugly thing attacks as you move away!
You block the white ugly thing's attack.
The ice encasing you melts away.
The shard shrike screeches!
The shard shrike claws you. The shard shrike freezes you!! You resist.
* * * LOW HITPOINT WARNING * * *
The shard shrike misses you. You block the shard shrike's attack.
You slash the shard shrike!
The shard shrike looks as sick as possible!
The shard shrike is heavily wounded.
The shard shrike completely misses you.
Unknown command.
You barely miss the shard shrike.
The shard shrike is heavily wounded.
The shard shrike claws you!
* * * LOW HITPOINT WARNING * * *
The shard shrike freezes you!! You resist.
You die...

### ##∆∆∆ ### ≈#
#.##∆∆ ##.## #
≈..###...#∆∆ #.#.##
≈#≈# #.#upk.#$:
##?#.##≈≈≈###b#.pp...#
####..≈≈###@#.u#
##..##≈≈#.##b## #...##
##.##### #....##
##.#..## ##.....#
#......# #...#..##
#.⌠.##.## ##..###..#
#.).##..# #..##
##.####.####.# #.##
#..# #####..#


You could see a shard shrike (extremely poisoned).

Vanquished Creatures
  Frances (D:14)
  A dire elephant (Lair:6)
  2 minotaurs
  A white draconian (IceCv)
  Snorg (D:14)
  Josephine (Orc:1)
  Fannar (Lair:3)
  The ghost of DocClef the Covert, a journeyman GnDe of Okawaru (Lair:3)
  2 boulder beetles
  A vault guard (D:13)
  2 centaur warriors
  A catoblepas (Lair:6)
  10 hydras
  2 ironbound frosthearts (IceCv)
  4 ogre magi (Orc:2)
  2 death knights (D:12)
  12 two-headed ogres
  10 death yaks
  2 death scarabs (Gauntlet)
  3 tengu warriors
  A deep troll shaman (Lair:6)
  6 skeletal warriors
  A spectral hydra (Gauntlet)
  2 wizards
  An orc knight (D:13)
  A deep elf pyromancer (D:10)
  An orange crystal statue (IceCv)
  3 necromancers
  10 ugly things
  A cyclops (D:14)
  A spectral boulder beetle (Gauntlet)
  17 elephants
  8 black mambas
  2 rust devils
  Joseph (D:8)
  An ice statue (D:15)
  14 cane toads
  A gargoyle (D:10)
  14 rime drakes
  A kobold demonologist (D:10)
  10 komodo dragons
  2 tengu conjurers (Gauntlet)
  4 freezing wraiths (D:12)
  3 trolls
  18 polar bears
  4 blink frogs
  3 slime creatures (D:14)
  A wind drake (shapeshifter) (D:14)
  8 wraiths
  3 shadows (Gauntlet)
  A vampire (D:11)
  5 wyverns
  2 basilisks
  73 yaks
  A steam dragon (D:9)
  21 humans (D:13)
  2 vampire mosquitoes (D:12)
  2 wargs
  5 acid dragons
  28 water moccasins
  An ice beast (D:6)
  A black bear (D:7)
  22 ogres
  15 orc warriors
  39 wolves
  14 centaurs
  6 kobold brigands
  8 bullfrogs
  A necrophage (D:5)
  3 gnoll sergeants
  2 scorpions
  3 wights (D:6)
  13 killer bees
  2 howler monkeys (D:12)
  An electric eel (Lair:1)
  A jelly (D:7)
  A hound (D:5)
  11 orc priests
  21 orc wizards
  9 hell rats
  4 yak simulacra (Lair:6)
  3 wolf simulacra (Lair:6)
  2 mummies (Ossuary)
  7 adders
  9 gnolls
  A shadow imp (D:5)
  3 white imps
  A worm (D:4)
  5 dart slugs
  57 orcs
  2 endoplasms
  4 giant cockroaches
  6 gnoll zombies (Ossuary)
  4 goblins
  11 hobgoblins
  2 jackals (D:4)
  36 kobolds
  2 quokkas
  9 ball pythons
  12 bats
  3 frilled lizards
  A goblin zombie (Ossuary)
  A hobgoblin zombie (Ossuary)
  6 orc zombies (Ossuary)
  A rat (D:2)
  4 river rat simulacra (Lair:6)
713 creatures vanquished.

Vanquished Creatures (others)
  A rime drake (IceCv)
  A bullfrog (Lair:4)
  24 fungi
  54 plants
80 creatures vanquished.

Grand Total: 793 creatures vanquished

Notes
Turn   | Place    | Note
-------+----------+-------------------------------------------
     0 | D:5      | Reached skill level 9 in Stealth
     0 | D:5      | DocClef the Gnoll Delver began the quest for the Orb.
     0 | D:5      | Reached XP level 1. HP: 23/23 MP: 1/1
    43 | D:5      | Reached XP level 2. HP: 12/29 MP: 2/2
   322 | D:5      | Found an ancient bone altar of Kikubaaqudgha.
   402 | D:5      | Reached XP level 3. HP: 20/35 MP: 2/4
   677 | D:5      | Noticed an ogre
   684 | D:5      | Killed an ogre
   685 | D:5      | Reached skill level 1 in Long Blades
   685 | D:5      | Reached skill level 1 in Axes
   685 | D:5      | Reached skill level 1 in Maces & Flails
   685 | D:5      | Reached skill level 1 in Polearms
   685 | D:5      | Reached skill level 1 in Staves
   685 | D:5      | Reached skill level 1 in Slings
   685 | D:5      | Reached skill level 1 in Bows
   685 | D:5      | Reached skill level 1 in Crossbows
   685 | D:5      | Reached skill level 1 in Throwing
   685 | D:5      | Reached skill level 1 in Armour
   685 | D:5      | Reached skill level 1 in Shields
   685 | D:5      | Reached skill level 1 in Unarmed Combat
   685 | D:5      | Reached skill level 1 in Spellcasting
   685 | D:5      | Reached skill level 1 in Conjurations
   685 | D:5      | Reached skill level 1 in Hexes
   685 | D:5      | Reached skill level 1 in Summonings
   685 | D:5      | Reached skill level 1 in Necromancy
   685 | D:5      | Reached skill level 1 in Translocations
   685 | D:5      | Reached skill level 1 in Transmutations
   685 | D:5      | Reached skill level 1 in Fire Magic
   685 | D:5      | Reached skill level 1 in Ice Magic
   685 | D:5      | Reached skill level 1 in Air Magic
   685 | D:5      | Reached skill level 1 in Earth Magic
   685 | D:5      | Reached skill level 1 in Poison Magic
   685 | D:5      | Reached skill level 1 in Invocations
   685 | D:5      | Reached skill level 1 in Evocations
   685 | D:5      | Reached XP level 4. HP: 41/41 MP: 4/6
   685 | D:5      | Reached XP level 5. HP: 47/47 MP: 4/7
  1793 | D:4      | Found a staircase to the Ecumenical Temple.
  1794 | D:4      | Found Iceunagh's Antique Armour Boutique.
  2134 | Temple   | Entered the Ecumenical Temple
  2393 | Temple   | Became a worshipper of Warmaster Okawaru
  2437 | D:4      | Found Quweakk's Armour Emporium.
  2445 | D:4      | Reached XP level 6. HP: 52/53 MP: 8/8
  2488 | D:4      | Found Jisycetz's Antique Armour Boutique.
  2591 | D:4      | Reached skill level 5 in Short Blades
  2591 | D:4      | Reached skill level 5 in Dodging
  2947 | D:4      | Found Newelecu's Antique Weapon Emporium.
  3869 | D:3      | Identified the +1 ring mail "Satit" {Int+3}
  5517 | D:4      | Bought a +0 pair of gloves of infusion for 149 gold pieces
  5833 | D:6      | Reached XP level 7. HP: 49/60 MP: 1/10
  5964 | D:6      | Reached * piety under Okawaru
  6099 | D:6      | Identified the +0 pair of boots "Seah" {Harm rF++ Will-
                  | Stlth+}
  6207 | D:6      | Reached skill level 10 in Stealth
  6709 | D:6      | Noticed a wyvern
  6716 | D:6      | Killed a wyvern
  6717 | D:6      | Reached XP level 8. HP: 67/67 MP: 10/12
  6823 | D:6      | Reached ** piety under Okawaru
  7454 | D:8      | Noticed a wyvern
  7461 | D:8      | Killed a wyvern
  7487 | D:8      | Found a sand-covered staircase.
  7497 | Ossuary  | Entered an ossuary
  7932 | D:8      | Noticed Joseph
  7939 | D:8      | Killed Joseph
  7940 | D:8      | Reached XP level 9. HP: 73/73 MP: 10/14
  8057 | D:8      | Reached *** piety under Okawaru
  8340 | D:8      | Identified the +9 hand axe of Koekk {venom, SInv}
  9159 | D:7      | Reached skill level 5 in Invocations
  9361 | D:7      | You fall into a shaft and drop 2 floors!
  9372 | D:9      | Identified the amulet of Iptocigg {Faith Fly rF+ Dex-2}
  9575 | D:9      | Received a gift from Okawaru
  9575 | D:9      | Reached **** piety under Okawaru
  9576 | D:9      | Reached XP level 10. HP: 74/80 MP: 0/17
  9583 | D:9      | Reached skill level 5 in Long Blades
  9583 | D:9      | Reached skill level 5 in Axes
  9583 | D:9      | Reached skill level 5 in Maces & Flails
  9583 | D:9      | Reached skill level 5 in Polearms
  9583 | D:9      | Reached skill level 5 in Staves
  9583 | D:9      | Reached skill level 5 in Slings
  9583 | D:9      | Reached skill level 5 in Bows
  9583 | D:9      | Reached skill level 5 in Crossbows
  9583 | D:9      | Reached skill level 5 in Throwing
  9583 | D:9      | Reached skill level 5 in Armour
  9583 | D:9      | Reached skill level 5 in Shields
  9583 | D:9      | Reached skill level 5 in Unarmed Combat
  9583 | D:9      | Reached skill level 5 in Spellcasting
  9583 | D:9      | Reached skill level 5 in Evocations
  9922 | D:8      | Reached skill level 11 in Stealth
  9978 | D:8      | Received a gift from Okawaru
 10160 | D:9      | Reached ***** piety under Okawaru
 10464 | D:10     | Entered Level 10 of the Dungeon
 10520 | D:10     | Reached XP level 11. HP: 63/87 MP: 0/19
 10777 | D:10     | Found a staircase to the Lair.
 10957 | D:10     | Reached skill level 5 in Conjurations
 10957 | D:10     | Reached skill level 5 in Hexes
 10957 | D:10     | Reached skill level 5 in Summonings
 10957 | D:10     | Reached skill level 5 in Necromancy
 10957 | D:10     | Reached skill level 5 in Translocations
 10957 | D:10     | Reached skill level 5 in Transmutations
 10957 | D:10     | Reached skill level 5 in Fire Magic
 10957 | D:10     | Reached skill level 5 in Ice Magic
 10957 | D:10     | Reached skill level 5 in Air Magic
 10957 | D:10     | Reached skill level 5 in Earth Magic
 10957 | D:10     | Reached skill level 5 in Poison Magic
 10999 | D:10     | Found Eghuet's Antique Artefacts.
 11032 | D:10     | Noticed a deep elf pyromancer
 11043 | D:10     | Killed a deep elf pyromancer
 11185 | D:10     | Found Poyh's General Store.
 11203 | D:10     | Bought a potion of curing for 39 gold pieces
 11306 | D:10     | Received a gift from Okawaru
 11605 | Lair:1   | Entered Level 1 of the Lair of Beasts
 12744 | Lair:2   | Received a gift from Okawaru
 13092 | Lair:2   | Noticed a five-headed hydra
 13305 | Lair:2   | Reached ****** piety under Okawaru
 13305 | Lair:2   | Received a gift from Okawaru
 13506 | Lair:2   | Found a staircase to the Snake Pit.
 13524 | Lair:2   | Reached XP level 12. HP: 71/96 MP: 6/22
 13629 | Lair:2   | Killed a five-headed hydra
 13629 | Lair:2   | Received a gift from Okawaru
 14360 | Lair:2   | Reached skill level 12 in Stealth
 14457 | Lair:2   | Noticed a four-headed hydra
 14465 | Lair:2   | Killed a four-headed hydra
 14465 | Lair:2   | Received a gift from Okawaru
 14491 | Lair:2   | Noticed a four-headed hydra
 14502 | Lair:2   | Killed a four-headed hydra
 14503 | Lair:2   | Reached skill level 10 in Fighting
 14905 | Lair:3   | Found a staircase to the Shoals.
 14927 | Lair:3   | Received a gift from Okawaru
 15277 | Lair:3   | Noticed Fannar
 15295 | Lair:3   | Killed Fannar
 15485 | Lair:3   | Noticed DocClef's ghost (journeyman GnDe)
 15487 | Lair:3   | Noticed a minotaur
 15491 | Lair:3   | Noticed a seven-headed hydra
 15816 | Lair:3   | Found a runed translucent gate.
 15816 | Lair:3   | Found a runed translucent gate.
 15816 | Lair:3   | Found a runed translucent gate.
 15863 | Lair:3   | Reached XP level 13. HP: 71/103 MP: 0/24
 16127 | Lair:3   | Received a gift from Okawaru
 16634 | Lair:3   | Received a gift from Okawaru
 18029 | Lair:5   | Received a gift from Okawaru
 18646 | Lair:5   | Received a gift from Okawaru
 19543 | Lair:5   | Found a viscous altar of Jiyva.
 19544 | Lair:5   | Found a staircase to the Slime Pits.
 19839 | Lair:6   | Entered Level 6 of the Lair of Beasts
 19863 | Lair:5   | Reached skill level 10 in Short Blades
 19863 | Lair:5   | Reached skill level 10 in Dodging
 19863 | Lair:5   | Reached XP level 14. HP: 85/113 MP: 0/26
 20132 | D:10     | Bought a faintly glowing lapis lazuli ring for 175 gold
                  | pieces
 20132 | D:10     | Identified the ring "Itzul" {Str+8 Int+6} (You bought it in
                  | a shop on level 10 of the Dungeon)
 20178 | D:10     | Identified the +10 dagger of Elutuorchargh {vorpal, Dex+2}
 20331 | D:11     | Found a staircase to the Orcish Mines.
 20865 | D:11     | Found Aqobb's Distillery.
 21461 | D:4      | Bought the +1 buckler of Ipokum {Regen+ Str+8 Dex-2 Stlth+}
                  | for 414 gold pieces
 21812 | Orc:1    | Entered Level 1 of the Orcish Mines
 22184 | Orc:1    | Noticed Josephine
 22198 | Orc:1    | Killed Josephine
 22199 | Orc:1    | Reached skill level 13 in Stealth
 22524 | Orc:2    | Entered Level 2 of the Orcish Mines
 22777 | Orc:2    | Found Watucu's Armour Shop.
 22777 | Orc:2    | Found Seiweuqu's Antique Armour Emporium.
 22779 | Orc:2    | Found Quyt's Book Shoppe.
 22779 | Orc:2    | Found Poacwe's Weapon Shop.
 22789 | Orc:2    | Identified the +2 chain mail "Wehaf" {rC+ rCorr Dex+4}
                  | (Okawaru gifted it to you on level 2 of the Orcish Mines)
 22789 | Orc:2    | Received a gift from Okawaru
 22805 | Orc:2    | Reached skill level 10 in Invocations
 23385 | Orc:2    | Found a staircase to the Elven Halls.
 24304 | D:12     | Received a gift from Okawaru
 24773 | D:13     | Identified the +0 glaive "Dragon's Tongue" {drain, *Corrode
                  | Str+7 Dex+10} (Okawaru gifted it to you on level 13 of the
                  | Dungeon)
 24773 | D:13     | Received a gift from Okawaru
 25094 | D:12     | Reached XP level 15. HP: 76/120 MP: 5/28
 25554 | D:12     | Identified the +2 robe "Saloy" {Dex+4}
 26080 | Lair:6   | Received a gift from Okawaru
 26190 | Lair:6   | Reached skill level 10 in Long Blades
 26190 | Lair:6   | Reached skill level 10 in Axes
 26190 | Lair:6   | Reached skill level 10 in Maces & Flails
 26190 | Lair:6   | Reached skill level 10 in Polearms
 26190 | Lair:6   | Reached skill level 10 in Staves
 26190 | Lair:6   | Reached skill level 10 in Slings
 26190 | Lair:6   | Reached skill level 10 in Bows
 26190 | Lair:6   | Reached skill level 10 in Crossbows
 26190 | Lair:6   | Reached skill level 10 in Throwing
 26190 | Lair:6   | Reached skill level 10 in Armour
 26190 | Lair:6   | Reached skill level 10 in Shields
 26190 | Lair:6   | Reached skill level 10 in Unarmed Combat
 26190 | Lair:6   | Reached skill level 10 in Spellcasting
 26190 | Lair:6   | Reached skill level 10 in Evocations
 26192 | Lair:6   | Received a gift from Okawaru
 28189 | Lair:3   | Killed DocClef's ghost
 28559 | D:13     | Received a gift from Okawaru
 29316 | D:13     | Found a gate to the Vaults.
 29324 | D:13     | Received a gift from Okawaru
 29541 | D:14     | Found a gate leading to a gauntlet.
 29550 | Gauntlet | Entered a Gauntlet
 29550 | Gauntlet | Found a transporter.
 29550 | Gauntlet | Found a transporter.
 29558 | Gauntlet | Found a transporter.
 29562 | Gauntlet | Found a transporter.
 29574 | Gauntlet | Found a transporter.
 29575 | Gauntlet | Found a transporter.
 29582 | Gauntlet | Found a transporter.
 29598 | Gauntlet | Found a transporter.
 29612 | Gauntlet | Found a transporter.
 29616 | Gauntlet | Found a transporter.
 29627 | Gauntlet | Found a transporter.
 29628 | Gauntlet | Found a transporter.
 29743 | Gauntlet | Received a gift from Okawaru
 29780 | Gauntlet | Reached skill level 14 in Stealth
 29787 | Gauntlet | Received a gift from Okawaru
 29788 | Gauntlet | Reached XP level 16. HP: 128/128 MP: 16/30
 29794 | Gauntlet | Identified the +0 helmet of the Cockatrice {rElec}
 30082 | D:14     | Identified the +1 hand axe of the Lettuce {venom, rElec
                  | rPois rC- Will+}
 30126 | D:14     | Received a gift from Okawaru
 30240 | D:14     | Found an ornate altar of the Wu Jian Council.
 30325 | D:14     | Noticed Snorg
 30340 | D:14     | Killed Snorg
 30492 | D:14     | Noticed Frances
 30502 | D:14     | Killed Frances
 30866 | D:15     | Entered Level 15 of the Dungeon
 30867 | D:15     | Identified a scroll of acquirement
 30867 | D:15     | Acquired 1183 gold pieces
 30877 | D:15     | Received a gift from Okawaru
 30883 | D:15     | Found a frozen archway.
 30905 | IceCv    | Entered an ice cave
 31236 | IceCv    | Identified the +0 pair of boots "Valop" {Will+} (Okawaru
                  | gifted it to you in an ice cave)
 31236 | IceCv    | Received a gift from Okawaru
 31737 | IceCv    | Noticed a shard shrike
 31750 | IceCv    | Slain by a shard shrike

Illustrated notes

Levels and vault maps discovered:
D:1:      saegor_arrival_simple_e, layout_rooms, kennysheep_doodads,
          minmay_misc_feat_more_columns
D:2:      layout_loops_corners, chequers_arboretum
D:3:      layout_loops_ring, mrwooster_statue_mirror
D:4:      layout_rooms, minmay_temple_entry_arrows, serial_shops, shop,
          nicolae_shop_stone, shop, nicolae_shop_waterfront,
          kennysheep_generic_room_15
D:5:      layout_layer_cave, overflow_temple_1_default
D:6:      layout_loops_ring, ebering_dispersal_statue_hall
D:7:      layout_basic, grunt_decor_fettered
D:8:      layout_cave_pools, chequers_ossuary_entry_cave, minmay_microvault,
          uniq_joseph
D:9:      cheibrodos_iron_armory, layout_rooms
D:10:     layout_roguey, lair_entry_dummy, serial_shops, shop,
          nicolae_antique_artefacts
D:11:     layout_long_grid, david_orc_5, serial_shops, shop
D:12:     layout_gridville
D:13:     layout_rooms, grunt_vaults_entry_tiered
D:14:     layout_stronghold, lemuel_tele_altar, gauntlet_entry_generic,
          uniq_snorg, uniq_frances
D:15:     hangedman_depths_entry_civil_slaughter, layout_gridville,
          portal_ice_cave_entry_ice_statue_two, minmay_misc_feat_four_crosses
Temple:   nicolae_temple_the_god_donut
Lair:1:   layout_small_grid, chequers_serial_rivers_large_b,
          chequers_serial_rivers_micro_b, lemuel_fruit_tree,
          infiniplex_staircase_pool, lemuel_fruit_fields
Lair:2:   layout_misc_corridors, minmay_snake_entry_six_corridors,
          nicolae_volcano_entry_s_turn
Lair:3:   layout_hall_layers, minmay_shoals_entry_centaurs,
          maelrawn_ghost_gauntlet_escape, uniq_fannar
Lair:4:   layout_misc_corridors, grunt_megastairs_5
Lair:5:   layout_layer_cave, slime_altar_1
Lair:6:   grunt_lair_end_beastmaster, layout_hall_layers,
          eino_house_with_fridge, serial_bayou_shore_b
Orc:1:    layout_caves, uniq_josephine
Orc:2:    st_orc_ogre_mass, layout_caves, basic_altar
IceCv:    ice_cave_caverns_01

Skill      XL: |  1  2  3  4  5  6  7  8  9 10 11 12 13 14 15 16 |
---------------+-------------------------------------------------+-----
Stealth        | 10 11 12 13 14 | 14.2
Long Blades    | 1 2 3 4 5 6 7 8 9 10 | 10.9
Axes           | 1 2 3 4 5 6 7 8 9 10 | 10.9
Maces & Flails | 1 2 3 4 5 6 7 8 9 10 | 10.9
Polearms       | 1 2 3 4 5 6 7 8 9 10 | 10.9
Staves         | 1 2 3 4 5 6 7 8 9 10 | 10.9
Slings         | 1 2 3 4 5 6 7 8 9 10 | 10.9
Bows           | 1 2 3 4 5 6 7 8 9 10 | 10.9
Crossbows      | 1 2 3 4 5 6 7 8 9 10 | 10.9
Throwing       | 1 2 3 4 5 6 7 8 9 10 | 10.9
Armour         | 1 2 3 4 5 6 7 8 9 10 | 10.9
Shields        | 1 2 3 4 5 6 7 8 9 10 | 10.9
Unarmed Combat | 1 2 3 4 5 6 7 8 9 10 | 10.9
Spellcasting   | 1 2 3 4 5 6 7 8 9 10 | 10.9
Conjurations   | 1 2 3 4 5 6 7 8 9 |  9.2
Hexes          | 1 2 3 4 5 6 7 8 9 |  9.2
Summonings     | 1 2 3 4 5 6 7 8 9 |  9.2
Necromancy     | 1 2 3 4 5 6 7 8 9 |  9.2
Translocations | 1 2 3 4 5 6 7 8 9 |  9.2
Transmutations | 1 2 3 4 5 6 7 8 9 |  9.2
Fire Magic     | 1 2 3 4 5 6 7 8 9 |  9.2
Ice Magic      | 1 2 3 4 5 6 7 8 9 |  9.2
Air Magic      | 1 2 3 4 5 6 7 8 9 |  9.2
Earth Magic    | 1 2 3 4 5 6 7 8 9 |  9.2
Poison Magic   | 1 2 3 4 5 6 7 8 9 |  9.2
Invocations    | 1 2 3 4 5 6 7 8 9 10 11 | 11.9
Evocations     | 1 2 3 4 5 6 7 8 9 10 | 10.9
Short Blades   | 5 6 7 8 9 10 11 | 11.8
Dodging        | 5 6 7 8 9 10 11 | 11.8
Fighting       | 7 8 9 10 11 12 | 12.6

Action                   |  1- 3 |  4- 6 |  7- 9 | 10-12 | 13-15 | 16-18 || total
-------------------------+-------+-------+-------+-------+-------+-------++-------
Melee: Short sword       |    20 |   226 |    47 |       |       |       ||   293
       Bite              |     4 |    24 |    32 |    75 |   190 |    38 ||   363
       Punch             |       |     5 |    12 |    29 |    24 |       ||    70
       Dagger            |       |       |   185 |    92 |    78 |     9 ||   364
       Hand axe          |       |       |    74 |   343 |  1035 |   263 ||  1715
 Fire: Fustibalus        |       |       |       |     6 |       |       ||     6
Invok: Heroism           |       |       |     3 |     5 |    18 |     6 ||    32
       Finesse           |       |       |       |       |     8 |     3 ||    11
  Use: Scroll            |       |    13 |     1 |     8 |     3 |     2 ||    27
       Potion            |       |     4 |       |     1 |       |       ||     5
 Stab: Sleeping          |     1 |    33 |    16 |    17 |    24 |     4 ||    95
       Distracted        |       |     1 |       |     4 |     3 |     2 ||    10
       Fleeing           |       |     1 |       |       |       |       ||     1
       Petrifying        |       |       |       |       |     7 |       ||     7
       Petrified         |       |       |       |       |     3 |       ||     3
Armor: Leather armour    |     5 |    24 |    35 |   185 |   110 |       ||   359
       Ring mail         |       |    34 |    78 |       |       |       ||   112
       Chain mail        |       |       |       |       |   193 |   117 ||   310
Dodge: Dodged            |     8 |   146 |   194 |   454 |   827 |   188 ||  1817
Block: Buckler           |       |       |       |       |   283 |   129 ||   412

Table legend: (Time is in decaauts)
 A = Elapsed time spent in this place.
 B = Non-inter-level travel time spent in this place.
 C = Inter-level travel time spent in this place.
 D = Time resting spent in this place.
 E = Time spent auto-exploring this place.
 F = Levels seen in this place.
 G = Mean time per level.
                   A        B        C        D        E       F      G
               +--------+--------+--------+--------+--------+-----+--------+
         Total |  31217 |  29245 |   1972 |   3489 |  20812 |  27 | 1156.2 |
       Dungeon |  16194 |  15090 |   1104 |   1395 |  11131 |  15 | 1079.6 |
        Temple |    281 |    236 |     45 |      0 |    219 |   1 |  281.0 |
          Lair |  11067 |  10274 |    793 |   1475 |   7295 |   6 | 1844.5 |
  Orcish Mines |   2174 |   2144 |     30 |    395 |   1430 |   2 | 1087.0 |
       Ossuary |    377 |    377 |      0 |      0 |    302 |   1 |  377.0 |
      Ice Cave |    798 |    798 |      0 |    178 |    396 |   1 |  798.0 |
      Gauntlet |    323 |    323 |      0 |     46 |     38 |   1 |  323.0 |
               +--------+--------+--------+--------+--------+-----+--------+

Top non-repeatable levels by time:
  Lair:3: 2264 daAuts
  Lair:6: 2127 daAuts
     D:5: 2044 daAuts
  Lair:5: 1850 daAuts
  Lair:1: 1778 daAuts
  Lair:2: 1740 daAuts
     D:6: 1583 daAuts
    D:12: 1376 daAuts
    D:10: 1337 daAuts
     D:4: 1331 daAuts
  Lair:4: 1305 daAuts
    D:11: 1294 daAuts
    D:13: 1178 daAuts
   Orc:1: 1143 daAuts
   Orc:2: 1030 daAuts
